 Dungeon Crawl Stone Soup version 0.22-a0-834-g05cf915 (webtiles) character file.

3659 siskel77 the Carver (level 9, -3/81 HPs)
             Began as a Minotaur Berserker on July 25, 2018.
             Was a High Priest of Trog.
             Slain by an orc warrior
             ... wielding a +0 halberd
              (14 damage)
             ... on level 8 of the Dungeon.
             The game lasted 00:31:11 (6374 turns).

siskel77 the Carver (Minotaur Berserker)            Turns: 6374, Time: 00:31:12

Health: -3/81      AC: 14    Str: 23    XL:     9   Next: 89%
Magic:  8/8        EV: 10    Int:  4    God:    Trog [*****.]
Gold:   326        SH:  0    Dex: 18    Spells: 8/8 levels left

rFire    . . .     SeeInvis .   a - +1 falchion
rCold    . . .     Gourm    .   (no shield)
rNeg     . . .     Faith    .   C - +0 plate armour
rPois    .         Spirit   .   (helmet restricted)
rElec    .         Reflect  .   (no cloak)
rCorr    .         Harm     .   (no gloves)
MR       .....                  (no boots)
Stlth    ..........             (no amulet)
HPRegen  0.23/turn              x - +6 ring of dexterity
MPRegen  0.11/turn              (no ring)

@: no status effects
A: retaliatory headbutt, horns 2
a: Berserk, Trog's Hand, Brothers in Arms, Renounce Religion


You were on level 8 of the Dungeon.
You worshipped Trog.
Trog was extremely pleased with you.
You were not hungry.

You visited 1 branch of the dungeon, and saw 8 of its levels.

You collected 326 gold pieces.

Inventory:

Hand Weapons
 a - a +1 falchion (weapon)
 t - a +0 hunting sling {t}
Missiles
 u - 115 stones (quivered)
Armour
 k - a +1 scale mail
 B - a +0 ring mail
 C - a +0 plate armour (worn)
Jewellery
 x - a +6 ring of dexterity (left hand)
Wands
 f - a wand of iceblast (6)
 o - a wand of random effects (18)
 v - a wand of acid (13)
Scrolls
 e - 4 scrolls of enchant armour
 g - 4 scrolls of identify
 h - a scroll of magic mapping
 j - 2 scrolls of blinking
 l - 2 scrolls of fog
 m - 4 scrolls of fear
 n - a scroll of enchant weapon
Potions
 b - 3 potions of flight {unknown}
 d - a potion of degeneration {unknown}
 i - a potion of lignification {unknown}
 p - a potion of berserk rage {unknown}
 q - 3 potions of curing
 r - a potion of brilliance {unknown}
 s - a potion of haste {unknown}
 w - 3 potions of heal wounds {unknown}
 z - a potion of resistance {unknown}
 A - a potion of cancellation {unknown}
Comestibles
 c - 18 rations


   Skills:
 + Level 8.0 Fighting
 + Level 11.5 Long Blades
 + Level 9.3 Armour
 + Level 4.8 Dodging
 + Level 2.0 Stealth


You had 8 spell levels left.
You didn't know any spells.
Your spell library was empty.

Dungeon Overview and Level Annotations

Branches:
Dungeon (8/15)             Temple (0/1) D:6
   Lair: D:8-11

Altars:
Ashenzari
Cheibriados
Hepliaklqana
Kikubaaqudgha
Sif Muna
Yredelemnul


Innate Abilities, Weirdness & Mutations

You reflexively headbutt those who attack you in melee.
You have a pair of horns on your head.


Message History

* * * LOW HITPOINT WARNING * * *
Your plate armour prevents you from hitting the orc warrior.
The orc warrior is moderately wounded.
You closely miss the orc warrior. You headbutt the orc warrior!
The orc warrior is almost dead.
The orc warrior hits you but does no damage.
You hit the orc warrior but do no damage.
The orc warrior is almost dead.
The orc warrior hits you but does no damage.
You hit the orc warrior but do no damage.
The orc warrior is almost dead.
The orc hits you but does no damage.
You barely miss the orc warrior. Your headbutt misses the orc warrior.
The orc warrior is almost dead.
The orc warrior hits you with a halberd!
* * * LOW HITPOINT WARNING * * *
You feel better. The orc hits you.
* * * LOW HITPOINT WARNING * * *
The orc warrior hits you with a halberd!
You die...

### ######..##
####.#.......
###..@o........
###...)#o........
##...#####........
###..###
#...#.....
###..### #...#
..## ###..###
#..## .. ###..###
#..# #..### ...#
.### ..##


You could see an orc warrior and an orc.

Vanquished Creatures
  Sigmund (D:2)
  A human (D:7)
  3 hogs (D:7)
  A yak (D:7)
  An ice beast (D:5)
  3 sky beasts
  3 ogres (D:6)
  2 bullfrogs (D:6)
  2 scorpions
  19 killer bees
  A howler monkey (D:5)
  5 crimson imps
  4 hounds
  2 gnoll shamans (D:5)
  3 jellies
  3 orc priests
  An iguana (D:6)
  3 orc wizards
  7 worker ants
  A hound skeleton (D:4)
  A worker ant zombie (D:6)
  10 gnolls
  4 adders
  2 shadow imps (D:6)
  2 oozes
  An adder skeleton (D:6)
  6 worms
  4 dart slugs
  6 leopard geckos
  18 orcs
  A ball python (D:3)
  3 giant cockroaches
  13 goblins
  6 hobgoblins
  2 jackals (D:4)
  2 quokkas
  11 bats
  4 frilled lizards
  5 kobolds
  2 quokka zombies
  3 rats
172 creatures vanquished.

Notes
Turn   | Place    | Note
-------+----------+-------------------------------------------
     0 | D:1      | siskel77 the Minotaur Berserker began the quest for the Orb.
     0 | D:1      | Reached XP level 1. HP: 19/19 MP: 0/0
   160 | D:1      | Reached XP level 2. HP: 21/27 MP: 1/1
   274 | D:1      | Reached skill level 4 in Long Blades
   416 | D:1      | Reached XP level 3. HP: 33/33 MP: 2/2
   630 | D:2      | Reached ** piety under Trog
   639 | D:2      | Noticed Sigmund
   651 | D:2      | Killed Sigmund
   651 | D:2      | Reached skill level 5 in Fighting
   651 | D:2      | Reached skill level 5 in Long Blades
   651 | D:2      | Reached XP level 4. HP: 36/42 MP: 3/3
   651 | D:2      | Reached XP level 5. HP: 41/48 MP: 4/4
   777 | D:2      | Reached skill level 6 in Long Blades
   835 | D:2      | Reached XP level 6. HP: 37/56 MP: 5/5
  1627 | D:3      | Reached *** piety under Trog
  2170 | D:4      | Noticed a sky beast
  2188 | D:4      | Killed a sky beast
  2188 | D:4      | Reached skill level 7 in Long Blades
  2648 | D:4      | Reached XP level 7. HP: 62/62 MP: 6/6
  3007 | D:4      | Found a hazy altar of Hepliaklqana.
  3143 | D:5      | Entered Level 5 of the Dungeon
  3160 | D:5      | Reached skill level 5 in Armour
  3447 | D:5      | Reached skill level 8 in Long Blades
  3549 | D:5      | Reached XP level 8. HP: 62/70 MP: 7/7
  3726 | D:5      | Reached **** piety under Trog
  4216 | D:6      | Found a basalt altar of Yredelemnul.
  4274 | D:6      | Reached skill level 1 in Stealth
  4356 | D:6      | Reached skill level 9 in Long Blades
  4417 | D:6      | Found an ancient bone altar of Kikubaaqudgha.
  4417 | D:6      | Found a shattered altar of Ashenzari.
  4663 | D:6      | Found a staircase to the Ecumenical Temple.
  4808 | D:6      | Found a snail-covered altar of Cheibriados.
  5013 | D:7      | Reached skill level 10 in Long Blades
  5013 | D:7      | Reached XP level 9. HP: 53/79 MP: 8/8
  5412 | D:7      | Reached skill level 11 in Long Blades
  5474 | D:7      | Reached ***** piety under Trog
  6050 | D:7      | Found a deep blue altar of Sif Muna.
  6373 | D:8      | HP: 3/81 [orc warrior/halberd (9)]
  6374 | D:8      | Slain by an orc warrior

Vault maps used:
D:1:      dpeg_arrival_solitude
D:2:      uniq_sigmund
D:3:      first_ration
D:4:      kennysheep_mini, dk_rats_in_the_wall
D:6:      nicolae_overflow_hidden_temple, minmay_temple_entry_poolview
D:7:      lemuel_blue_sif_altar, grunt_livestock
D:8:      dpeg_lair_monsters, kennysheep_generic_room_6, uniq_prince_ribbit1

Skill      XL: |  1  2  3  4  5  6  7  8  9 |
---------------+----------------------------+-----
Long Blades    | 4 5 6 7 8 10 11 | 11.5
Fighting       | 4 5 6 7 8 |  8.0
Armour         | 3 4 5 7 9 |  9.3
Dodging        | 3 4 |  4.8
Stealth        | 1 2 |  2.0

Action                   |  1- 3 |  4- 6 |  7- 9 || total
-------------------------+-------+-------+-------++-------
Melee: Falchion          |    51 |   129 |   293 ||   473
       Headbutt          |    10 |    27 |    90 ||   127
Invok: Berserk           |       |       |     1 ||     1
  Use: Scroll            |       |       |    12 ||    12
       Potion            |       |       |     2 ||     2
  Eat: Chunk             |       |     3 |     7 ||    10
       Ration            |       |     1 |     2 ||     3
Armor: Animal skin       |     7 |       |       ||     7
       Scale mail        |     3 |    46 |    56 ||   105
       Plate armour      |       |       |    88 ||    88
Dodge: Dodged            |    29 |    74 |   204 ||   307
       Rpst.: Falchion   |     2 |    16 |    52 ||    70

Table legend:
 A = Spawn XP
 B = Non-spawn XP
 C = Spawn XP percentage of total XP
 D = Spawn monster count
 E = Non-spawn monster count
 F = Spawn count percentage of total count
 G = Total turns spent on level
                    A         B        C        D         E        F      G
               +---------+---------+-------+---------+---------+-------+---------
         Total |       0 |    5228 |   0.0 |       0 |     172 |   0.0 |  6374
               +---------+---------+-------+---------+---------+-------+---------
           D:1 |       0 |      49 |   0.0 |       0 |      23 |   0.0 |   602
           D:2 |       0 |     373 |   0.0 |       0 |      31 |   0.0 |   694
           D:3 |       0 |      75 |   0.0 |       0 |      15 |   0.0 |   838
           D:4 |       0 |     477 |   0.0 |       0 |      17 |   0.0 |  1009
           D:5 |       0 |     602 |   0.0 |       0 |      27 |   0.0 |  1058
           D:6 |       0 |     943 |   0.0 |       0 |      18 |   0.0 |   772
           D:7 |       0 |    2533 |   0.0 |       0 |      34 |   0.0 |  1147
           D:8 |       0 |     176 |   0.0 |       0 |       7 |   0.0 |   254
               +---------+---------+-------+---------+---------+-------+---------
